 Dungeon Crawl Stone Soup version 0.28-a0-691-gad6df49e81 (webtiles) character file.

Game seed: 930797044352990063

32 voltaire321 the Charlatan (level 3, -3/27 HPs)
             Began as a Demonspawn Artificer on Oct 20, 2021.
             Slain by a goblin (5 damage)
             ... led by Robin
             ... on level 2 of the Dungeon.
             The game lasted 00:04:22 (2237 turns).

voltaire321 the Charlatan (Demonspawn Artificer)    Turns: 2237, Time: 00:04:22

Health: -3/27      AC:  3    Str: 12    XL:     3   Next: 10%
Magic:  3/3        EV: 11    Int: 12    God:
Gold:   90         SH:  0    Dex: 14    Spells: 2/2 levels left

rFire   . . .      SeeInvis .   j - +2 spear (pain)
rCold   . . .      Faith    .   (no shield)
rNeg    . . .      Spirit   .   b - +0 leather armour
rPois   .          Reflect  .   (helmet restricted)
rElec   .          Harm     .   (no cloak)
rCorr   .          Rampage  .   (no gloves)
Will    .....                   (no boots)
Stlth   +.........              (no amulet)
HPRegen 0.09/turn               (no ring)
MPRegen 0.08/turn               (no ring)

@: no status effects
A: antennae 1, powered by death 1
a: no special abilities


You were on level 2 of the Dungeon.
You visited 1 branch of the dungeon, and saw 2 of its levels.

You collected 90 gold pieces.

Inventory:

Hand Weapons
 j - a +2 spear of pain (weapon)
Armour
 b - a +0 leather armour (worn)
Wands
 c - a wand of flame (15) (quivered)
 d - a wand of charming (15)
Scrolls
 f - a scroll of enchant weapon {unknown}
 h - a scroll of fog {unknown}
 k - a scroll of blinking {unknown}
Potions
 a - a potion of degeneration {unknown}
 g - a potion of might {unknown}
 i - 2 potions of berserk rage {unknown}
Miscellaneous
 e - a piece from Xom's chessboard (15/15)


   Skills:
 + Level 1.7 Fighting
 + Level 2.2 Armour
 + Level 1.5 Dodging
 - Level 0.8 Stealth
 + Level 3.3 Evocations


You had 2 spell levels left.
You didn't know any spells.
Your spell library contained the following spells:

 Spells                   Type           Power      Damage    Failure   Level
 Apportation              Tloc           0%         N/A       38%         1
 Alistair's Intoxication  Tmut/Pois      0%         N/A       100%        5
 Invisibility             Hex            0%         N/A       100%        6


Dungeon Overview and Level Annotations

Branches:
Dungeon (2/15)

Altars:

Annotations:
D:2 Robin


Innate Abilities, Weirdness & Mutations

You have a pair of small antennae on your head.
You regenerate a little health from kills.


Message History

You puncture the goblin!
You kill the goblin!
The goblin unwields a +0 dagger.
The goblin wields a +0 hunting sling.
The goblin shoots a stone.
The stone closely misses you.
A goblin comes into view. It is wielding a +0 dagger.
The goblin shoots a stone.
The stone hits you but does no damage.
The goblin shoots a stone.
The stone closely misses you.
The goblin shoots a stone.
The stone closely misses you.
The goblin shoots a stone.
The stone barely misses you.
The goblin no longer looks unusually strong.
You see here a pink potion.
i - 2 pink potions (gained 1) Robin roars a battlecry!
The goblins go into a battle-frenzy!
The goblin shoots a stone.
The stone hits you.
You reach to attack!
You hit the goblin.
The goblin is severely wounded.
You hit the goblin.
You kill the goblin!
Robin throws the goblin at you!
The goblin unwields a +0 hunting sling.
The goblin wields a +0 dagger.
The goblin hits you but does no damage.
You closely miss the goblin. The goblin barely misses you.
You closely miss the goblin. The goblin hits you with a +0 dagger.
You hit the goblin.
The goblin is severely wounded.
The goblin hits you with a +0 dagger.
You barely miss the goblin.
The goblin is severely wounded.
The goblin hits you with a +0 dagger.
You closely miss the goblin.
The goblin is severely wounded.
The goblin hits you with a +0 dagger.
* * * LOW HITPOINT WARNING * * *
Robin hits you with a +7 club.
* * * LOW HITPOINT WARNING * * *
The goblin hits you but does no damage.
You barely miss the goblin.
The goblin is severely wounded.
Robin hits you but does no damage. The goblin hits you with a +0 dagger.
You die...

#.## ##........#...# #.#
#..###.#.#.#g# #.##
##.## #..##.#.##
##.###.## ####..#g.#
##...## ##.###.## #####
###..#:#g.## ###
####...##.##...
.....#####....###...###.
#..g@g..####bSK#..$##
#######....###...###. {
####...##.##...
###..#.#g.## ##.#.#.##
#.....# #...#


You could see Robin and a goblin (strong).

Vanquished Creatures
  2 ball pythons (D:2)
  3 bats (D:1)
  3 endoplasms (D:1)
  2 giant cockroaches
  3 goblins
  5 hobgoblins
  4 jackals (D:1)
  A kobold (D:1)
  A quokka (D:1)
  A rat (D:1)
25 creatures vanquished.

Notes
Turn   | Place    | Note
-------+----------+-------------------------------------------
     0 | D:1      | voltaire321 the Demonspawn Artificer began the quest for
                  | the Orb.
     0 | D:1      | Reached XP level 1. HP: 15/15 MP: 1/1
   137 | D:1      | Reached skill level 1 in Dodging
   586 | D:1      | Gained mutation: You regenerate a little health from kills.
                  | [demonic ancestry]
   586 | D:1      | Reached XP level 2. HP: 16/21 MP: 2/2
   986 | D:1      | Found a faded altar of an unknown god.
  1926 | D:2      | Gained mutation: You have a pair of small antennae on your
                  | head. [demonic ancestry]
  1926 | D:2      | Reached XP level 3. HP: 25/27 MP: 3/3
  2199 | D:2      | Noticed Robin
  2237 | D:2      | Slain by a goblin

Illustrated notes

Levels and vault maps discovered:
D:1:      dpeg_arrival_line_fractal, layout_basic,
          shapermc_ecumenical_altar_mp_vishouse
D:2:      minmay_general_purpose_star, layout_loops_corners,
          kennysheep_minor_cross, uniq_crazy_yiuf_cottage, uniq_robin

Skill      XL: |  1 |
---------------+----+-----
Dodging        | 1 |  1.5
Armour         | 2 |  2.2
Fighting       | |  1.7
Stealth        | |  0.8
Evocations     | |  3.3

Action                   || total
-------------------------++-------
Melee: Club              ||    90
       Dagger            ||    11
       Spear             ||    19
Armor: Leather armour    ||    36
Dodge: Dodged            ||    83

Table legend: (Time is in decaauts)
 A = Elapsed time spent in this place.
 B = Non-inter-level travel time spent in this place.
 C = Inter-level travel time spent in this place.
 D = Time resting spent in this place.
 E = Time spent auto-exploring this place.
 F = Levels seen in this place.
 G = Mean time per level.
                   A        B        C        D        E       F      G
               +--------+--------+--------+--------+--------+-----+--------+
         Total |   2264 |   2237 |     27 |    633 |   1269 |   2 | 1132.0 |
       Dungeon |   2264 |   2237 |     27 |    633 |   1269 |   2 | 1132.0 |
               +--------+--------+--------+--------+--------+-----+--------+

Top non-repeatable levels by time:
     D:1: 1834 daAuts
     D:2: 430 daAuts
